AoeStats
← [NICE_ASS] BigMasi

Black Forest

505518589Analyzed
4v4 RM · 22d ago on Sep 9, 2026· 48m 12s· 8 players
Game mode
Random Map
Map size
Large (8 player)
Population
200
Speed
Normal
Resources
Standard
Victory
Conquest
Starting age
Dark Age
Ending age
Imperial Age
RankedLock teamsTeams togetherTeam positionsShared explorationLock speedFull tech treeHidden civsTurbo modeCheats
Victory
Defeat
🇫🇷 Saracens · France
1401
+13
🇮🇳 Teutons · India
1310
+16
🇮🇳 Cumans · India
1294
+17
🇫🇷 Lithuanians · France
1212
+21
🇪🇸 Mongols · Spain
1346
-18
🇨🇿 Bohemians · Czechia
1334
-17
🇨🇭 Wei · Switzerland
1294
-16
🇨🇳 Khmer · China
1294
-16
ccereal
2:03 Loom
9:00 Feudal Age
9:51 Double-Bit Axe
13:45 Fletching
14:14 Padded Archer Armor
18:07 Castle Age
16:31 Padded Archer Armor
17:48 Horse Collar
17:58 Gold Mining
18:09 Crossbowman
19:14 Bodkin Arrow
23:58 Wheelbarrow
29:13 Imperial Age
28:59 Bow Saw
30:56 Chemistry
30:10 Bracer
32:21 Arbalester
34:46 Siege Engineers
36:06 Leather Archer Armor
40:17 Ring Archer Armor
43:08 Caravan
45:25 Thumb Ring
48:14 Masonry
XxBuzzXx
1:58 Loom
11:13 Feudal Age
13:24 Fletching
20:47 Wheelbarrow
27:22 Castle Age
25:40 Horse Collar
26:01 Double-Bit Axe
27:47 Gold Mining
27:51 Stone Mining
28:42 Bodkin Arrow
29:45 Ballistics
32:13 Guard Tower
38:06 Imperial Age
36:01 Masonry
38:15 Forging
38:06 Scale Mail Armor
41:02 Keep
42:23 Chemistry
41:39 Arrowslits
43:29 Town Watch
45:37 Conscription
47:12 Iron Casting
46:18 Elite Teutonic Knight
47:39 Chain Mail Armor
47:26 Squires
47:13 Arson
49:15 Blast Furnace
La Momone 38
5:04 Loom
10:48 Feudal Age
14:38 Castle Age
20:30 Wheelbarrow
22:28 Horse Collar
22:39 Double-Bit Axe
23:05 Gold Mining
23:57 Heavy Plow
28:14 Imperial Age
27:11 Forging
27:06 Scale Barding Armor
27:42 Hand Cart
28:36 Iron Casting
29:13 Chain Barding Armor
29:55 Bloodlines
29:45 Husbandry
29:36 Cavalier
30:51 Crop Rotation
31:33 Plate Barding Armor
33:04 Chemistry
31:49 Paladin
33:34 Conscription
33:51 Town Watch
40:30 Caravan
Cheetah
7:18 Loom
10:22 Feudal Age
10:57 Double-Bit Axe
11:13 Horse Collar
16:38 Wheelbarrow
18:47 Gold Mining
21:38 Castle Age
20:15 Scale Barding Armor
20:23 Bloodlines
20:24 Forging
22:09 Stone Mining
22:59 Bow Saw
22:51 Heavy Plow
23:13 Hand Cart
23:04 Town Watch
23:34 Capped Ram
28:31 Gold Shaft Mining
31:43 Imperial Age
30:02 Sanctity
31:08 Chain Barding Armor
31:23 Iron Casting
33:16 Plate Barding Armor
32:02 Cavalier
33:19 Conscription
35:04 Blast Furnace
33:27 Paladin
35:14 Hoardings
36:55 Fletching
38:16 Chemistry
37:37 Ballistics
37:31 Siege Ram
39:43 Two-Man Saw
42:50 Masonry
47:33 Crop Rotation
47:04 Bodkin Arrow
YOU XXX
10:42 Feudal Age
11:45 Double-Bit Axe
11:57 Horse Collar
14:42 Castle Age
16:18 Bow Saw
16:40 Heavy Plow
17:23 Wheelbarrow
19:28 Fervor
23:57 Loom
24:28 Hand Cart
23:58 Town Watch
25:01 Gold Mining
25:02 Stone Mining
29:15 Imperial Age
27:06 Fletching
27:16 Padded Archer Armor
27:55 Gold Shaft Mining
27:55 Stone Shaft Mining
28:57 Ballistics
28:37 Bodkin Arrow
28:57 Leather Archer Armor
29:39 Bloodlines
29:30 Husbandry
30:49 Conscription
30:39 Thumb Ring
31:00 Parthian Tactics
32:07 Chemistry
31:38 Bracer
33:05 Drill
32:39 Elite Mangudai
33:30 Onager
34:44 Herbal Medicine
35:42 Siege Onager
40:54 Nomads
klines
0:31 Loom
11:46 Feudal Age
20:28 Castle Age
26:40 Double-Bit Axe
34:14 Fortified Wall
37:42 Imperial Age
36:40 Fervor
38:40 Wheelbarrow
39:25 Chemistry
39:36 Ballistics
42:07 Horse Collar
43:20 Hand Cart
42:51 Town Watch
42:35 Houfnice
44:26 Forging
44:16 Scale Mail Armor
44:39 Heavy Plow
46:25 Iron Casting
46:05 Chain Mail Armor
[NICE_ASS] BigMasi
11:11 Feudal Age
11:57 Double-Bit Axe
12:00 Horse Collar
15:05 Castle Age
13:47 Stone Mining
16:02 Bow Saw
17:15 Loom
25:02 Wheelbarrow
27:17 Heavy Plow
27:11 Gold Mining
29:17 Hand Cart
32:36 Imperial Age
32:35 Bloodlines
32:25 Husbandry
32:35 Scale Barding Armor
33:49 Chain Barding Armor
33:39 Forging
36:31 Iron Casting
38:23 Conscription
38:31 Ming Guang Armor
38:08 Heavy Hei Guang Cavalry
40:35 Blast Furnace
40:12 Crop Rotation
42:40 Fletching
myth大帝110110110
7:33 Loom
11:05 Feudal Age
14:08 Castle Age
13:01 Double-Bit Axe
25:08 Bow Saw
30:44 Gold Mining
30:47 Stone Mining
30:44 Horse Collar
31:23 Fortified Wall
32:46 Gold Shaft Mining
41:59 Wheelbarrow
40:50 Pikeman
42:21 Forging
42:13 Scale Mail Armor
43:27 Hand Cart
43:35 Chain Mail Armor
Connection lost

Rejoining the realm…

Still unreachable

The connection could not be restored.

Session expired

The server has moved on; the page needs a fresh start.